Schmensch, lawful female human Knight ----- ... -- ..- -..--- - -..----.....| -- -.---|...........-- |... ....|.G....G.....-- --....... -................| -- |h........G.....G........=- |.................@G.........` |*............ `<)u.....---- -.....G..... -- ..........| |...... -..|..--....- -- | ------- -....- ....- .... .... -..- --- Schmensch the Knight Experience level: 5 Strength: 15 Dexterity: 9 Constitution: 12 Intelligence: 7 Wisdom: 16 Charisma: 17 Health: 0(36) Energy: 37(37) Def: 7 Gold: 463 Moves: 2705 Dungeon seed [set]: Game ID: Schmensch_1676214475 Your Inventory: Coins $ - 463 gold pieces Weapons b - an uncursed +1 lance P - a blessed +4 knife named Knife of Justice Q - the blessed rustproof +1 Excalibur (weapon in hand) Armor e - an uncursed +1 ring mail (being worn) n - an uncursed +0 helmet (being worn) q - an uncursed +0 small shield (being worn) r - an uncursed +0 pair of leather gloves (being worn) y - a cursed -1 pair of high boots Comestibles f - 8 uncursed carrots F - an uncursed tripe ration O - 2 uncursed sprigs of wolfsbane Scrolls R - an uncursed scroll of scare monster Potions j - an uncursed potion of sickness k - a blessed potion of levitation D - an uncursed potion of water E - a cursed potion of fruit juice Rings C - an uncursed ring of shock resistance G - an uncursed ring of hunger H - an uncursed ring of cold resistance Wands c - an uncursed wand of undead turning (0:6) Tools a - an uncursed skeleton key m - an uncursed sack Gems z - an uncursed jasper N - an uncursed agate Y - 4 uncursed worthless pieces of violet glass Spells and supernatural/magical abilities: Name Level Category Fail Memory W - pray for help -- divine ? -- X - turn undead -- divine ? -- Y - supernatural jump -- ability ? -- Your skills at the end: Miscellaneous Skills shield [Basic] wands [Basic] riding [Basic] Weapon Skills long sword [Basic] polearms [Basic] Spellcasting Skills Final Attributes: You were stridently aligned. You were level-drain resistant. You had automatic searching. You could jump. You are dead. Vanquished creatures: a small mimic a gnome king a rock piercer a gnome lord a gnomish wizard a kobold mummy a straw golem a giant bat a gas spore 4 geckos a green mold 8 gnomes a gnome zombie 8 jackals 2 kobolds 6 newts a goblin 2 sewer rats 3 grid bugs 2 bats a kobold zombie 48 creatures vanquished. Voluntary challenges: You did not adorn yourself with jewelry or accessories. You did not cause conflict. You were not invisible. You did not have reflection. You were not displaced. You were an atheist. You used a wielded weapon 52 times, starting on turn 2. You did not apply a unicorn horn. You did not use sinks. You read items or engraved 1 time, starting on turn 1844. You never genocided any monsters. You never polymorphed an object. You never changed form. You used no wishes. You did not wear or wield any artifacts. You did not apply or invoke any artifacts. You never split a pudding. You never wrote Elbereth's name. You violated the code of chivalry, losing 2 points of alignment, starting on turn 582. Dungeon overview: The Dungeons of Doom: levels 1 to 4 Level 1 a long staircase Level 2 a vault, a potion shop Level 3 a shop Level 4 a shop, a fountain stairs to The Gnomish Mines The Gnomish Mines: levels 5 to 6 Level 5 stairs to The Dungeons of Doom Level 6 <- You were here History has recorded: On T:1 you entered the Dungeons of Doom to retrieve the Amulet of Yendor! On T:437 you reached level 2 of The Dungeons of Doom. On T:582 you advanced to experience level 2. On T:711 you advanced to experience level 3. On T:889 you reached level 3 of The Dungeons of Doom. On T:1381 you reached level 4 of The Dungeons of Doom. On T:1754 you reached level 1 of The Gnomish Mines. On T:1762 you advanced to experience level 4. On T:2067 you advanced to experience level 5. On T:2701 you reached level 2 of The Gnomish Mines. Score breakdown: Gold: 463 ( 46 points) Experience: 5 levels ( 400 points) Exploration: 6 levels ( 150 points) Discoveries: 14 items ( 700 points) Variety of kills: 21 monsters ( 1050 points) Major goal: (nothing yet) ( 0 points) Survival: died (score multiplied by 3) Total score: 7038 Latest messages: Where do you want to travel to? A dwarf blocks your way. You displace Fat Ninny. You drop an orcish dagger. Your movements are now unencumbered. The gnome king drinks a creamy potion! The gnome king is suddenly moving faster. The gnome punches you! You kill the gnome! The gnome king wields a dagger named Dagger of Revenge! The gnome misses. You slash the gnome king! The gnome king thrusts one of his daggers named Dagger of Revenge at you. The gnome king stabs you! You slash the gnome king! Fat Ninny kicks the gnome king. Fat Ninny bites the gnome king. The gnome king thrusts one of his daggers named Dagger of Revenge at Fat Ninny. The gnome king stabs Fat Ninny. The gnome king thrusts one of his daggers named Dagger of Revenge at you. The gnome king stabs you! You die... The sack is empty. The sack is empty. Final status: Fare thee well Schmensch the Knight, killed by a gnome king... You died in The Gnomish Mines on dungeon level 6 with 7038 points, and 463 pieces of gold, after 2705 moves. You were level 5 with a maximum of 36 hit points when you died.